Map: Overgrowth LE (Void)

Players

BuRny - Winner!

  • Race: Terran Terran
  • League: Master
  • Spawn Location: 1:00

A.I. 1 (Very Easy)

  • Race: Terran Terran
  • Spawn Location: 7:00

VOD

Have the link to the VOD?

Description

Time

  • Played on: Dec. 28, 2016, 10:51 a.m.
  • Length: 4:36
Show
View Real Time Build Order
Export as new Build Order

BuRny Terran - Winner!

Build Orders: 1/1/1, Cyclone Opening 

Get SALT Encoding   

  12  0:00  SCV  
  13  0:13  SCV  
  14  0:18  Supply Depot  
  14  0:25  SCV  
  15  0:30  Refinery  
  15  0:40  SCV  
  16  0:46  Barracks  
  16  0:52  SCV  
  16  0:54  Refinery  
  17  1:04  SCV  
  18  1:16  SCV  
  19  1:32  Orbital Command  
  19  1:34  Factory  
  19  1:35  Reaper  
  20  1:45  Supply Depot  
  20  1:58  SCV  
  21  2:07  Reaper  
  22  2:10  SCV  
  23  2:18  Starport  
  23  2:19  Hellion  
  25  2:23  Supply Depot  
  25  2:25  SCV  
  26  2:38  SCV  
  26  2:39  Reaper  
  26  2:42  Cyclone  
  26  2:43  Liberator  
  31  2:50  SCV  
  32  2:51  Supply Depot  
  32  3:03  SCV  
  36  3:12  Barracks Tech Lab  
  36  3:14  Factory Tech Lab  
  36  3:16  SCV  
  37  3:33  Command Center  
  37  3:36  SCV  
  41  3:41  Siege Tank  
  41  3:51  SCV  
  41  4:03  SCV  
  41  4:04  Viking  
  44  4:15  SCV  
  45  4:30  Barracks  
  46  4:32  Barracks  
Show
View Real Time Build Order
Export as new Build Order

A.I. 1 (Very Easy) Terran 

Build Orders:  

Get SALT Encoding   

  12  0:00  SCV  
  13  0:13  SCV  
  14  0:19  Supply Depot  
  14  0:37  Refinery  
  14  0:43  Barracks  
  14  1:03  Supply Depot  
  14  1:12  Refinery  
  14  1:28  SCV  
  14  1:29  Marine  
  16  1:40  SCV  
  17  1:52  SCV  
  18  2:01  Marine  
  18  2:05  SCV  
  20  2:17  SCV  
  21  2:29  SCV  
  22  2:32  Marine  
  23  2:41  Orbital Command  
  23  3:55  SCV  
  23  3:56  Marine  
  20  4:07  SCV  
  9  4:19  SCV  
Tags
 
Add a new tag
Caveats
  • Supply blocks, unpowered buildings, or Contaminate may cause inaccurate times.
  • Supply counts are checked every 10 seconds.